 Dungeon Crawl Stone Soup version 0.24-a0-584-g9d6b971 (webtiles) character file.

61030 Chaoticas the Martial Artist (level 15, 107/114 HPs)
             Began as a Gnoll Transmuter on July 16, 2018.
             Was a Priest of Ashenzari.
             Quit the game on level 2 of the Orcish Mines on Aug 30, 2019.
             The game lasted 02:04:18 (29074 turns).

Chaoticas the Martial Artist (Gnoll Transmuter)    Turns: 29074, Time: 02:04:19

Health: 107/114    AC: 13    Str: 12    XL:     15   Next: 1%
Magic:  29/29      EV: 19    Int: 21    God:    Ashenzari [***...]
Gold:   1593       SH: 10    Dex: 17    Spells: 11/34 levels left

rFire    . . .     SeeInvis +     - Unarmed
rCold    . . .     Gourm    .   m - +1 buckler
rNeg     . . .     Faith    .   y - +1 leather armour {rPois}
rPois    +         Spirit   .   r - +0 helmet
rElec    .         Reflect  +   x - +0 cloak
rCorr    .         Harm     .   N - +0 pair of gloves
MR       ++...                  (no boots)
Stlth    ++++......             h - +2 amulet of reflection
HPRegen  0.29/turn              g - +4 ring of protection
MPRegen  0.21/turn              l - ring of protection from magic

@: no status effects
A: distributed training, fangs 1, strong nose
a: Curse Item, Scrying, Renounce Religion


You were on level 2 of the Orcish Mines.
You worshipped Ashenzari.
Ashenzari was most pleased with you.
You were not hungry.

You visited 3 branches of the dungeon, and saw 18 of its levels.

You collected 1593 gold pieces.

Inventory:

Hand Weapons
 a - a +0 blowgun
   (You took it off a kobold on level 3 of the Dungeon)
 F - a +0 whip of flaming
   (You took it off Pikel on level 6 of the Dungeon)
 L - a +0 shortbow of flaming
   (You took it off a centaur on level 6 of the Dungeon)
Missiles
 b - 4 throwing nets {!f}
 e - 130 poisoned darts
 p - 8 boomerangs
 A - 13 boomerangs (quivered)
 B - 304 arrows
 I - 7 atropa-tipped darts
Armour
 m - a +1 buckler (worn)
   (You found it on level 1 of the Dungeon)
 r - a +0 helmet (worn)
   (You found it on level 2 of the Dungeon)
 x - a +0 cloak (worn)
   (You found it on level 4 of the Dungeon)
 y - a +1 leather armour of poison resistance (worn)
   (You took it off an orc on level 7 of the Dungeon)
 N - a +0 pair of gloves (worn)
   (You found it on level 5 of the Dungeon)
Jewellery
 g - a +4 ring of protection (left hand)
   (You found it on level 1 of the Dungeon)
 h - a +2 amulet of reflection (around neck)
   (You found it on level 1 of the Dungeon)
 i - an uncursed ring of positive energy
   (You found it on level 4 of the Dungeon)
 l - a ring of protection from magic (right hand)
   (You found it on level 9 of the Dungeon)
 o - an uncursed ring of protection from cold
   (You found it on level 3 of the Lair of Beasts)
 w - a +3 ring of slaying
   (You found it on level 6 of the Lair of Beasts)
 z - an uncursed ring of see invisible
   (You took it off a centaur on level 7 of the Dungeon)
 D - an uncursed ring of protection from fire
   (You took it off an orc on level 5 of the Dungeon)
Wands
 c - a wand of disintegration (8)
   (You found it on level 1 of the Lair of Beasts)
 d - a wand of iceblast (21)
   (You found it on level 7 of the Dungeon)
 u - a wand of paralysis (17)
   (You found it on level 9 of the Dungeon)
 M - a wand of enslavement (34)
   (You found it on level 8 of the Dungeon)
Scrolls
 k - a scroll of enchant armour
 q - 5 scrolls of remove curse {@r2}
 H - 6 scrolls of identify {@r1}
 P - 3 scrolls of immolation {!r}
 T - 8 scrolls of teleportation {@r4}
 X - 2 scrolls of magic mapping
 Z - 2 scrolls of fog
Potions
 f - a potion of mutation {!q}
 j - 3 potions of brilliance
 s - 8 potions of haste {@q3}
 v - 7 potions of ambrosia
 C - a potion of agility
 E - a potion of magic
 R - 3 potions of lignification {!q}
 S - a potion of resistance
 W - 2 potions of heal wounds {@q2}
 Y - 12 potions of curing {@q1}
Comestibles
 n - 11 chunks of flesh
 O - 13 rations {!d}


   Skills:
 + Level 9.6 Fighting
 + Level 9.2 Short Blades
 + Level 9.2 Long Blades
 + Level 9.2 Axes
 + Level 9.2 Maces & Flails
 + Level 9.2 Polearms
 + Level 9.2 Staves
 + Level 9.2 Slings
 + Level 9.2 Bows
 + Level 9.2 Crossbows
 + Level 9.2 Throwing
 + Level 9.2 Armour
 + Level 10.2 Dodging
 + Level 9.2 Stealth
 + Level 9.2 Shields
 + Level 11.1 Unarmed Combat
 + Level 10.4 Spellcasting
 + Level 7.7 Conjurations
 + Level 7.7 Hexes
 + Level 7.7 Charms
 + Level 7.7 Summonings
 + Level 7.7 Necromancy
 + Level 7.7 Translocations
 + Level 8.6 Transmutations
 + Level 7.7 Fire Magic
 + Level 7.7 Ice Magic
 + Level 7.7 Air Magic
 + Level 7.7 Earth Magic
 + Level 7.7 Poison Magic
 + Level 10.0 Invocations
 + Level 9.2 Evocations


You had 11 spell levels left.
You knew the following spells:

 Your Spells              Type           Power        Failure   Level  Hunger
a - Beastly Appendage     Tmut           #####.       1%          1    None
b - Sticks to Snakes      Tmut           #####...     1%          2    None
c - Ice Form              Ice/Tmut       #####...     2%          4    ##.....
d - Blade Hands           Tmut           #####.....   6%          5    ####...
f - Cause Fear            Hex            #####.....   3%          4    ##.....
q - Sticky Flame          Conj/Fire      #####...     3%          4    ##.....
x - Spider Form           Tmut/Pois      #####.....   1%          3    None

Your spell library contained the following spells:

 Spells                   Type           Power        Failure   Level  Hunger
 Confusing Touch          Hex            #####.       1%          1    None
 Corona                   Hex            #####..      1%          1    None
 Flame Tongue             Conj/Fire      #####        1%          1    None
 Ensorcelled Hibernation  Hex/Ice        #####.       1%          2    None
 Throw Flame              Conj/Fire      #####.       1%          2    None
 Confuse                  Hex            #####...     1%          3    None
 Conjure Flame            Conj/Fire      #####...     1%          3    None
 Dazzling Spray           Conj/Hex       #####.       1%          3    None
 Gell's Gravitas          Tloc           #####.....   1%          3    None
 Inner Flame              Hex/Fire       #####...     1%          3    None
 Tukima's Dance           Hex            #####...     1%          3    None
 Petrify                  Tmut/Erth      #####...     2%          4    ##.....
 Yara's Violent Unravell  Hex/Tmut       #####.....   8%          5    ####...
 Fireball                 Conj/Fire      #####.....   9%          5    ####...
 Metabolic Englaciation   Hex/Ice        #####.....   9%          5    ####...
 Silence                  Hex/Air        #####.....   9%          5    ####...
 Deflect Missiles         Chrm/Air       #####.....   45%         6    ######.
 Discord                  Hex            #####.....   100%        8    #######


Dungeon Overview and Level Annotations

Branches:
Dungeon (10/15)            Temple (0/1) D:6            Lair (6/6) D:10
 Shoals (0/4) Lair:4        Snake (0/4) Lair:4        Slime (0/5) Lair:6
    Orc (2/2) D:10
    Elf: Orc:2

Altars:
Ashenzari
Cheibriados
Dithmenos
Fedhas
Kikubaaqudgha
Makhleb
Nemelex Xobeh
Okawaru
Ru
Sif Muna
Trog
Wu Jian
Xom
Yredelemnul
Zin
Beogh
Jiyva

Shops:
Orc:2 =

Annotations:
D:5 2 runed doors, blu's ghost, novice DsAK
D:7 2 runed doors, zhorgal's ghost, amateur FoAK
D:9 3 runed doors, exclusion: 2 downstairs, Piginabag's ghost, novice DsAs


Innate Abilities, Weirdness & Mutations

Your experience applies equally to all skills.
You have very sharp teeth.
Your uncanny sense of smell can sniff out nearby items.


Message History

The bolt closely misses you.
Throwing (i - inventory. (/) - cycle)
A - 12 tomahawks (quivered)
Aim: an orc, wielding a +0 arbalest (lightly wounded)
You throw a tomahawk. The tomahawk hits the orc!
You kill the orc!
Throwing (i - inventory. (/) - cycle)
A - 11 tomahawks (quivered)
Aim: an orc, wielding a +0 hand axe (hasn't noticed you)
You throw a tomahawk. The orc shouts!
The tomahawk hits the orc.
Some of the chunks of flesh in your inventory have rotted away.
Throwing (i - inventory. (/) - cycle)
A - 10 tomahawks (quivered)
Aim: an orc, wielding a +0 hand axe (severely wounded)
You throw a tomahawk. The tomahawk hits the orc!
You kill the orc!
B - 300 arrows (gained 1)
B - 301 arrows (gained 1)
Things that are here:
a +0 battleaxe; 15 bolts; a +0 arbalest
A - 11 tomahawks (gained 2)
Items here: ( )) † a +0 arbalest; a +0 hand axe; 3 bolts; an orc corpse You butcher the orc corpse.
n - 10 chunks of flesh (gained 1)
Items here: ( )) ÷ a +0 arbalest; a +0 hand axe; 3 bolts; an orc skeleton
A - 13 tomahawks (gained 2)
Items here: ( )) † a +0 hand axe; a +0 arbalest; 25 bolts; an orc corpse Some of the chunks of flesh in your inventory have rotted away.
You butcher the orc corpse.
n - 11 chunks of flesh (gained 4)
Items here: ( )) ÷ a +0 hand axe; a +0 arbalest; 25 bolts; an orc skeleton
Found Egotiom's Jewellery Boutique.
B - 303 arrows (gained 2)
B - 304 arrows (gained 1)
You see here a bolt.
There is a stone staircase leading up, spattered with blood here.
You see here 5 bolts.
Saving game... please wait.
Welcome back, Chaoticas the Gnoll Transmuter.
Ashenzari says: Partake of my vision.
Partake of my curse.
Enter note: quit Annotate level on other end of current stairs?
New annotation for Orc:2 (include '!' for warning):
Okay, then.
Saving game... please wait.
Welcome back, Chaoticas the Gnoll Transmuter.
Ashenzari says: Partake of my vision.
Partake of my curse.

.........#............
...................... ,
#....................... , ,
.......)........##..##.. *
.......).......##.......
......#()......#........ ≈
#..........(...(..))........≈≈≈≈*
#..............((((#......≈≈≈≈#
...o............@((#.....≈≈≈≈####
...o..........(..(().............
...............(.(.()(..........
...........(.#..(..#((...≈≈≈≈##
.............#.....#......≈≈≈≈###
.(..........................≈≈≈≈#
.o)................#.(........≈≈≈
(##................##..........≈≈
.(#.................##..##..##...


There were no monsters in sight!

Vanquished Creatures
  A merfolk avatar (Lair:6)
  4 hydras
  A two-headed ogre (D:9)
  A sea snake (Lair:6)
  2 harpies (Lair:6)
  Pikel (D:6)
  An ugly thing (D:8)
  9 elephants
  2 black mambas
  2 torpor snails
  11 spiny frogs
  6 rime drakes
  5 komodo dragons
  A troll (Orc:1)
  6 polar bears
  4 merfolk (Lair:4)
  A queen bee (Lair:3)
  A hornet (Lair:6)
  Grinder (D:6)
  8 blink frogs
  A wind drake (Lair:6)
  9 hippogriffs
  A spriggan (D:8)
  20 wyverns
  18 yaks
  A hungry ghost (D:9)
  A steam dragon (D:8)
  Grum (D:9)
  10 basilisks
  A warg (Orc:1)
  10 water moccasins
  A hell hound (Lair:4)
  5 porcupines
  4 slaves (D:6)
  A swamp drake (D:10)
  19 orc warriors
  2 ice beasts (D:6)
  A sky beast (D:5)
  A black bear (D:8)
  6 ogres
  9 wolves
  A phantom (D:8)
  5 centaurs
  7 crocodiles
  2 big kobolds
  5 bullfrogs
  A water moccasin zombie (D:6)
  3 scorpions
  33 killer bees
  4 wights (D:8)
  2 howler monkeys
  A centaur zombie (D:5)
  A bullfrog zombie (D:6)
  A quasit (D:6)
  7 hounds
  A jelly (D:6)
  3 bullfrog skeletons
  11 orc priests
  Natasha (thrice) (D:3)
  2 iguanas (D:6)
  18 orc wizards
  7 worker ants
  A hound skeleton (D:9)
  7 gnolls
  12 adders
  A shadow imp (D:9)
  2 oozes
  3 worms
  2 dart slugs
  7 leopard geckos
  78 orcs
  2 ball pythons
  8 giant cockroaches
  5 goblins
  4 hobgoblins
  9 jackals
  2 quokkas (D:3)
  4 bats
  9 frilled lizards
  10 kobolds
  A leopard gecko skeleton (D:7)
  A quokka zombie (D:6)
  2 rats
478 creatures vanquished.

Vanquished Creatures (collateral kills)
  An orc high priest (Orc:1)
  4 orc warriors
  An ogre (Orc:2)
  3 centaurs (Orc:2)
  An orc priest (Orc:1)
  A bullfrog skeleton (D:4)
  An orc wizard (D:4)
  An adder (D:2)
  A worm (D:3)
  5 orcs
19 creatures vanquished.

Vanquished Creatures (others)
  An orc warrior (Orc:2)
  A centaur (Orc:2)
  An orc wizard (D:6)
  20 fungi
  20 plants
  4 toadstools (D:1)
47 creatures vanquished.

Grand Total: 544 creatures vanquished

Notes
Turn   | Place    | Note
-------+----------+-------------------------------------------
     0 | D:1      | Chaoticas the Gnoll Transmuter began the quest for the Orb.
     0 | D:1      | Reached XP level 1. HP: 17/17 MP: 6/6
   205 | D:1      | Reached XP level 2. HP: 23/23 MP: 5/7
   857 | D:2      | Learned a level 2 spell: Sticks to Snakes
   940 | D:2      | Reached XP level 3. HP: 28/28 MP: 9/9
  1022 | D:2      | Found a shimmering altar of Xom.
  1091 | D:2      | Reached skill level 5 in Spellcasting
  1218 | D:2      | Reached skill level 1 in Invocations
  1445 | D:2      | Reached skill level 1 in Short Blades
  1445 | D:2      | Reached skill level 1 in Long Blades
  1445 | D:2      | Reached skill level 1 in Axes
  1445 | D:2      | Reached skill level 1 in Maces & Flails
  1445 | D:2      | Reached skill level 1 in Polearms
  1445 | D:2      | Reached skill level 1 in Staves
  1445 | D:2      | Reached skill level 1 in Slings
  1445 | D:2      | Reached skill level 1 in Bows
  1445 | D:2      | Reached skill level 1 in Crossbows
  1445 | D:2      | Reached skill level 1 in Throwing
  1445 | D:2      | Reached skill level 1 in Armour
  1445 | D:2      | Reached skill level 1 in Stealth
  1445 | D:2      | Reached skill level 1 in Shields
  1445 | D:2      | Reached skill level 1 in Evocations
  1541 | D:2      | Reached XP level 4. HP: 34/34 MP: 11/11
  1731 | D:3      | Noticed an orc warrior
  2010 | D:2      | Reached skill level 1 in Conjurations
  2010 | D:2      | Reached skill level 1 in Hexes
  2010 | D:2      | Reached skill level 1 in Charms
  2010 | D:2      | Reached skill level 1 in Summonings
  2010 | D:2      | Reached skill level 1 in Necromancy
  2010 | D:2      | Reached skill level 1 in Translocations
  2010 | D:2      | Reached skill level 1 in Fire Magic
  2010 | D:2      | Reached skill level 1 in Ice Magic
  2010 | D:2      | Reached skill level 1 in Air Magic
  2010 | D:2      | Reached skill level 1 in Earth Magic
  2010 | D:2      | Reached skill level 1 in Poison Magic
  2015 | D:2      | Learned a level 3 spell: Spider Form
  2166 | D:2      | Reached XP level 5. HP: 40/40 MP: 5/12
  2256 | D:3      | Killed an orc warrior
  2732 | D:3      | Noticed Natasha
  2798 | D:3      | Killed Natasha
  2953 | D:3      | Noticed Natasha
  2987 | D:3      | Killed Natasha
  2987 | D:3      | Reached XP level 6. HP: 38/47 MP: 13/13
  3315 | D:3      | Noticed Natasha
  3325 | D:3      | Killed Natasha
  3560 | D:4      | Reached skill level 5 in Dodging
  3575 | D:4      | Found a sacrificial altar of Ru.
  3721 | D:4      | Found a shattered altar of Ashenzari.
  3748 | D:4      | Became a worshipper of Ashenzari the Shackled
  3763 | D:4      | Reached skill level 5 in Fighting
  3763 | D:4      | Reached skill level 8 in Unarmed Combat
  3763 | D:4      | Reached skill level 5 in Transmutations
  3763 | D:4      | Reached skill level 5 in Invocations
  3763 | D:4      | Reached XP level 7. HP: 56/56 MP: 14/17
  3769 | D:4      | Learned a level 4 spell: Ice Form
  3912 | D:4      | Found a burning altar of Makhleb.
  4083 | D:4      | Reached XP level 8. HP: 60/63 MP: 18/18
  4185 | D:5      | Entered Level 5 of the Dungeon
  4326 | D:5      | Found a large runed door.
  4327 | D:5      | Found a large runed door.
  4329 | D:5      | Noticed blu's ghost (novice DsAK)
  4631 | D:5      | Reached skill level 5 in Short Blades
  4631 | D:5      | Reached skill level 5 in Long Blades
  4631 | D:5      | Reached skill level 5 in Axes
  4631 | D:5      | Reached skill level 5 in Maces & Flails
  4631 | D:5      | Reached skill level 5 in Polearms
  4631 | D:5      | Reached skill level 5 in Staves
  4631 | D:5      | Reached skill level 5 in Slings
  4631 | D:5      | Reached skill level 5 in Bows
  4631 | D:5      | Reached skill level 5 in Crossbows
  4631 | D:5      | Reached skill level 5 in Throwing
  4631 | D:5      | Reached skill level 5 in Armour
  4631 | D:5      | Reached skill level 5 in Stealth
  4631 | D:5      | Reached skill level 5 in Shields
  4631 | D:5      | Reached skill level 5 in Evocations
  4896 | D:6      | Noticed Grinder
  4908 | D:6      | Learned a level 5 spell: Blade Hands
  4956 | D:6      | Noticed Pikel
  5091 | D:6      | Killed Pikel
  5358 | D:6      | Reached XP level 9. HP: 39/69 MP: 16/19
  5927 | D:6      | Paralysed by Grinder for 4 turns
  5934 | D:6      | Killed Grinder
  6107 | D:6      | Found an ornate altar of the Wu Jian Council.
  6302 | D:6      | Found a staircase to the Ecumenical Temple.
  6591 | D:6      | Found a deep blue altar of Sif Muna.
  7681 | D:7      | Reached * piety under Ashenzari
  7749 | D:7      | Found a runed door.
  7819 | D:7      | Found a large runed door.
  7820 | D:7      | Found a large runed door.
  7823 | D:7      | Noticed zhorgal's ghost (amateur FoAK)
  8158 | D:7      | Reached XP level 10. HP: 38/76 MP: 21/21
  8440 | D:7      | Found a roughly hewn altar of Beogh.
  8504 | D:8      | Noticed a red ugly thing
  8935 | D:8      | Found an ancient bone altar of Kikubaaqudgha.
  8936 | D:8      | Found a blossoming altar of Fedhas.
  9191 | D:8      | Killed a red ugly thing
  9533 | D:8      | Found an iron altar of Okawaru.
  9761 | D:9      | Found a shadowy altar of Dithmenos.
  9762 | D:9      | Found a basalt altar of Yredelemnul.
  9762 | D:9      | Found a snail-covered altar of Cheibriados.
  9765 | D:9      | Noticed a two-headed ogre
  9779 | D:9      | Killed a two-headed ogre
  9779 | D:9      | Reached skill level 9 in Unarmed Combat
  9779 | D:9      | Reached skill level 5 in Conjurations
  9779 | D:9      | Reached skill level 5 in Hexes
  9779 | D:9      | Reached skill level 5 in Charms
  9779 | D:9      | Reached skill level 5 in Summonings
  9779 | D:9      | Reached skill level 5 in Necromancy
  9779 | D:9      | Reached skill level 5 in Translocations
  9779 | D:9      | Reached skill level 5 in Fire Magic
  9779 | D:9      | Reached skill level 5 in Ice Magic
  9779 | D:9      | Reached skill level 5 in Air Magic
  9779 | D:9      | Reached skill level 5 in Earth Magic
  9779 | D:9      | Reached skill level 5 in Poison Magic
  9903 | D:9      | Found a glowing silver altar of Zin.
  9960 | D:9      | Noticed Grum
 10485 | D:9      | Killed Grum
 10651 | D:9      | Noticed Piginabag's ghost (novice DsAs)
 10956 | D:9      | Found a sparkling altar of Nemelex Xobeh.
 11100 | D:9      | Found a runed gate.
 11100 | D:9      | Found a runed gate.
 11101 | D:9      | Found a runed gate.
 11290 | D:9      | Reached XP level 11. HP: 75/83 MP: 23/23
 11488 | D:10     | Entered Level 10 of the Dungeon
 11516 | D:10     | Found a bloodstained altar of Trog.
 11899 | D:10     | Upgraded the game from 0.22-a0-614-g34fbaa0 to
                  | 0.23-a0-4-g8f018a2
 11905 | D:10     | Noticed a two-headed ogre
 11999 | D:10     | Noticed a deep elf mage
 12991 | D:10     | Found a staircase to the Lair.
 13331 | D:10     | Found a staircase to the Orcish Mines.
 13526 | Lair:1   | Entered Level 1 of the Lair of Beasts
 15251 | Lair:1   | Learned a level 4 spell: Sticky Flame
 15641 | Lair:2   | Reached XP level 12. HP: 41/91 MP: 22/24
 16063 | Lair:1   | Upgraded the game from 0.23-a0-4-g8f018a2 to
                  | 0.23-a0-275-g0cf4261
 16063 | Lair:1   | Upgraded the game from 0.23-a0-275-g0cf4261 to
                  | 0.23-a0-622-g59b4ea9
 16125 | Lair:1   | Upgraded the game from 0.23-a0-622-g59b4ea9 to
                  | 0.23-a0-629-gae4348f
 16840 | Lair:2   | Upgraded the game from 0.23-a0-629-gae4348f to
                  | 0.23-a0-635-g88ca12a
 17755 | Lair:3   | Reached ** piety under Ashenzari
 18216 | Lair:3   | Reached skill level 10 in Unarmed Combat
 18667 | Lair:3   | Identified the amulet "Sufozxam" {Inacc rElec Stlth+}
 19285 | Lair:4   | Found a staircase to the Snake Pit.
 20592 | Lair:4   | Reached XP level 13. HP: 99/99 MP: 26/26
 20652 | Lair:4   | Found a staircase to the Shoals.
 22914 | Lair:6   | Entered Level 6 of the Lair of Beasts
 23725 | Lair:6   | Reached skill level 10 in Spellcasting
 23725 | Lair:6   | Reached XP level 14. HP: 108/108 MP: 26/28
 23843 | Lair:6   | Reached skill level 10 in Dodging
 24748 | Lair:6   | Reached skill level 11 in Unarmed Combat
 25677 | Lair:6   | Found a viscous altar of Jiyva.
 25677 | Lair:6   | Found a staircase to the Slime Pits.
 25935 | Lair:6   | Got the cursed flail "Dragonslayer" {venom, rPois rF+
                  | Int-2}
 26493 | Orc:1    | Entered Level 1 of the Orcish Mines
 26913 | Orc:1    | Reached *** piety under Ashenzari
 27004 | Orc:1    | Upgraded the game from 0.23-a0-635-g88ca12a to
                  | 0.23-a0-636-g0ff6057
 27762 | Orc:2    | Entered Level 2 of the Orcish Mines
 28056 | Orc:2    | Reached skill level 10 in Invocations
 28511 | Orc:1    | Learned a level 4 spell: Cause Fear
 28829 | Orc:2    | Reached XP level 15. HP: 114/114 MP: 29/29
 29064 | Orc:2    | Found Egotiom's Jewellery Boutique.
 29074 | Orc:2    | quit
 29074 | Orc:2    | Upgraded the game from 0.23-a0-636-g0ff6057 to
                  | 0.24-a0-584-g9d6b971
 29074 | Orc:2    | Quit the game

Levels and vault maps discovered:
D:1:      ldierk_walled_garden_2, kennysheep_boxes
D:2:      minmay_gold_behind_fungi, brannock_xom_greatest_gift
D:3:      first_ration, uniq_natasha
D:4:      old_standard_altar, hangedman_ru_absence, evilmike_ruin_ashenzari
D:5:      ebering_ghost_disaster_area
D:6:      led_sif_book, minmay_temple_entry_nine_rooms, basic_altar,
          lemuel_flame_loot_1, uniq_grinder, uniq_pikel
D:7:      ebering_ghost_disaster_area, lightli_church_of_beogh
D:8:      grunt_temple_overflow_growth_and_decay, kennysheep_little_box,
          grunt_pizzeria
D:9:      nemelex_xobeh_ov_fountains_minmay, grunt_temple_overflow_open,
          gammafunk_ghost_icy, uniq_grum
D:10:     erik_lair_dragon, orc_0_dummy, nicolae_wwwww, trog_ov_bears_minmay
Lair:2:   grunt_megastairs_5
Lair:3:   serial_rivers, chequers_serial_rivers_micro_a,
          chequers_serial_rivers_small_a, chequers_serial_rivers_micro_c,
          chequers_serial_rivers_small_a, chequers_serial_rivers_marsh,
          chequers_serial_rivers_small_a
Lair:4:   elwin_shoals_entry_stream, dummy_snake_entry, special_room
Lair:5:   lemuel_fruit_fields, grunt_megastairs_1
Lair:6:   gammafunk_lair_ancient_temple, slime_altar_1
Orc:2:    st_orc_rangers, serial_shops, nicolae_shop_window_shopping

Skill      XL: |  1  2  3  4  5  6  7  8  9 10 11 12 13 14 |
---------------+-------------------------------------------+-----
Spellcasting   | 5 7 8 9 10 | 10.4
Invocations    | 1 2 5 6 7 8 9 10 | 10.0
Short Blades   | 1 4 5 6 7 8 9 |  9.2
Long Blades    | 1 4 5 6 7 8 9 |  9.2
Axes           | 1 4 5 6 7 8 9 |  9.2
Maces & Flails | 1 4 5 6 7 8 9 |  9.2
Polearms       | 1 4 5 6 7 8 9 |  9.2
Staves         | 1 4 5 6 7 8 9 |  9.2
Slings         | 1 4 5 6 7 8 9 |  9.2
Bows           | 1 4 5 6 7 8 9 |  9.2
Crossbows      | 1 4 5 6 7 8 9 |  9.2
Throwing       | 1 4 5 6 7 8 9 |  9.2
Armour         | 1 4 5 6 7 8 9 |  9.2
Stealth        | 1 4 5 6 7 8 9 |  9.2
Shields        | 1 4 5 6 7 8 9 |  9.2
Evocations     | 1 4 5 6 7 8 9 |  9.2
Conjurations   | 1 4 5 6 7 |  7.7
Hexes          | 1 4 5 6 7 |  7.7
Charms         | 1 4 5 6 7 |  7.7
Summonings     | 1 4 5 6 7 |  7.7
Necromancy     | 1 4 5 6 7 |  7.7
Translocations | 1 4 5 6 7 |  7.7
Fire Magic     | 1 4 5 6 7 |  7.7
Ice Magic      | 1 4 5 6 7 |  7.7
Air Magic      | 1 4 5 6 7 |  7.7
Earth Magic    | 1 4 5 6 7 |  7.7
Poison Magic   | 1 4 5 6 7 |  7.7
Fighting       | 3 5 6 7 8 9 |  9.6
Transmutations | 4 5 6 7 8 |  8.6
Dodging        | 6 7 8 9 10 | 10.2
Unarmed Combat | 8 9 10 11 | 11.1

Action                   |  1- 3 |  4- 6 |  7- 9 | 10-12 | 13-15 || total
-------------------------+-------+-------+-------+-------+-------++-------
Melee: Unarmed           |    76 |   131 |   531 |   902 |   524 ||  2164
       Kick              |     1 |     7 |    55 |    60 |    48 ||   171
       Bite              |     9 |    21 |    61 |    76 |    21 ||   188
       Punch             |       |       |       |     4 |     1 ||     5
 Fire: Blowgun           |       |     7 |       |       |       ||     7
Throw: Stone             |       |     1 |       |       |       ||     1
       Boomerang         |       |       |       |       |    15 ||    15
 Cast: Beastly Appendage |     4 |     4 |    18 |    28 |    16 ||    70
       Sticks to Snakes  |       |    24 |    15 |     3 |    16 ||    58
       Ice Form          |       |       |     2 |    25 |    16 ||    43
       Blade Hands       |       |       |       |     6 |     7 ||    13
       Sticky Flame      |       |       |       |     8 |     4 ||    12
       Spider Form       |       |       |       |       |     8 ||     8
  Use: Scroll            |       |    15 |     3 |     9 |     4 ||    31
       Potion            |       |     1 |       |       |     1 ||     2
 Stab: Sleeping          |     2 |     2 |     5 |     6 |     1 ||    16
       Distracted        |       |       |     3 |     2 |     2 ||     7
  Eat: Chunk             |     2 |     7 |    14 |    26 |     6 ||    55
       Ration            |       |       |       |     6 |     7 ||    13
Armor: Robe              |    15 |    11 |       |       |       ||    26
       Leather armour    |       |    18 |    58 |   118 |    42 ||   236
       Ring mail         |       |       |    39 |       |       ||    39
       Skin              |       |       |     9 |    55 |    54 ||   118
Dodge: Dodged            |    41 |    66 |   255 |   532 |   453 ||  1347
Block: Buckler           |    17 |    39 |   174 |   249 |   104 ||   583
       Reflection        |       |       |     5 |     2 |    23 ||    30
       Other             |       |       |     1 |    15 |    26 ||    42

Table legend:
 A = Non-vault XP
 B = Vault XP
 C = Vault XP percentage of total XP
 D = Non-vault monster count
 E = Vault monster count
 F = Vault count percentage of total count
                 A         B        C        D         E       F
            +---------+---------+-------+---------+---------+-------
      Total |   37919 |   21492 |  36.2 |     389 |     107 |  21.6
            +---------+---------+-------+---------+---------+-------
        D:1 |      18 |       0 |   0.0 |      11 |       0 |   0.0
        D:2 |     117 |       0 |   0.0 |      18 |       0 |   0.0
        D:3 |     249 |       0 |   0.0 |      29 |       0 |   0.0
        D:4 |     342 |       0 |   0.0 |      26 |       0 |   0.0
        D:5 |     469 |       0 |   0.0 |      27 |       0 |   0.0
        D:6 |    2143 |       0 |   0.0 |      40 |       0 |   0.0
        D:7 |    1185 |       0 |   0.0 |      45 |       0 |   0.0
        D:8 |    1962 |       0 |   0.0 |      22 |       0 |   0.0
        D:9 |    2593 |       0 |   0.0 |      35 |       0 |   0.0
       D:10 |    3245 |       0 |   0.0 |      22 |       0 |   0.0
     Lair:1 |    6699 |       0 |   0.0 |      23 |       0 |   0.0
     Lair:2 |    3936 |     247 |   5.9 |      13 |       2 |  13.3
     Lair:3 |     684 |    1819 |  72.7 |       2 |      26 |  92.9
     Lair:4 |     929 |    6095 |  86.8 |       6 |      27 |  81.8
     Lair:5 |    2445 |     582 |  19.2 |      10 |       2 |  16.7
     Lair:6 |    8497 |   10450 |  55.2 |      28 |      25 |  47.2
      Orc:1 |    2049 |       0 |   0.0 |      23 |       0 |   0.0
      Orc:2 |     357 |    2299 |  86.6 |       9 |      25 |  73.5
            +---------+---------+-------+---------+---------+-------
